 Dungeon Crawl Stone Soup version 0.21.1-1-g345015fe64 (webtiles) character file.

237 Gitz the Magician (level 6, -12/41 HPs)
             Began as a Human Wizard on May 14, 2018.
             Splashed by an orc wizard's acid (13 damage)
             ... on level 4 of the Dungeon.
             The game lasted 00:13:37 (2927 turns).

Gitz the Magician (Human Wizard)                    Turns: 2927, Time: 00:13:37

Health: -12/41     AC: -4    Str:  8    XL:     6   Next: 28%
Magic:  2/14       EV: 12    Int: 20    God:
Gold:   82         SH:  0    Dex: 11    Spells: 9/15 levels left

rFire    . . .     SeeInvis .   t - +1 falchion (slice)
rCold    + . .     Gourm    .   (no shield)
rNeg     . . .     Faith    .   a - +0 robe
rPois    .         Spirit   .   l - +1 helmet
rElec    .         Reflect  .   (no cloak)
rCorr    .         Harm     .   (no gloves)
MR       .....                  (no boots)
Stlth    ++........             s - amulet of regeneration
HPRegen  0.53/turn              (no ring)
MPRegen  0.14/turn              r - ring of protection from cold

@: corroded
A: no striking features
a: no special abilities


You were on level 4 of the Dungeon.
You were not hungry.

You visited 1 branch of the dungeon, and saw 4 of its levels.

You collected 82 gold pieces.

Inventory:

Hand Weapons
 e - a +1 dagger of venom
 t - a +1 falchion of slicing (weapon)
Missiles
 n - 5 tomahawks (quivered)
Armour
 a - a +0 robe (worn)
 b - a +0 hat
 l - a +1 helmet (worn)
Jewellery
 r - a ring of protection from cold (right hand)
 s - an amulet of regeneration (around neck)
Scrolls
 h - a scroll of identify
 i - a scroll of magic mapping {unknown}
 j - a scroll of immolation {unknown}
 o - 2 scrolls of enchant armour {unknown}
Potions
 f - a potion of agility {unknown}
 g - 3 potions of heal wounds
 k - a potion of mutation {unknown}
 p - 3 potions of curing
Books
 c - a book of Minor Magic

   Spells                             Type                      Level
   a - Magic Dart                     Conjuration                  1
   b - Blink                          Translocation                2
   c - Call Imp                       Summoning                    2
   d - Slow                           Hexes                        2
   e - Conjure Flame                  Conjuration/Fire             3
   f - Mephitic Cloud                 Conjuration/Poison/Air       3
Comestibles
 d - 6 rations


   Skills:
 + Level 0.2 Fighting
 + Level 0.2 Short Blades
 + Level 2.3 Dodging
 - Level 2.0 Stealth
 * Level 5.4 Spellcasting
 + Level 1.6 Conjurations
 + Level 2.2 Summonings
   Level 1.0 Translocations


You had 9 spell levels left.
You knew the following spells:

 Your Spells              Type           Power        Failure   Level  Hunger
a - Magic Dart            Conj           ##..         5%          1    None
b - Call Imp              Summ           ##......     7%          2    None
c - Conjure Flame         Conj/Fire      #.......     24%         3    ##.....


Dungeon Overview and Level Annotations

Branches:
Dungeon (4/15)
 Temple: D:4-7

Altars:
Wu Jian


Message History

Your crimson imp closely misses the orc.
The orc misses your crimson imp.
Your crimson imp barely misses the orc.
The orc closely misses your crimson imp.
Your crimson imp completely misses the orc.
The orc closely misses your crimson imp.
Your crimson imp hits the orc but does no damage.
Your crimson imp completely misses the orc.
The orc hits your crimson imp but does no damage.
Your crimson imp blinks!
The orc hits your crimson imp.
Your crimson imp hits the orc.
The orc dies!
The orc wizard zaps a wand.
The bolt of acid hits your crimson imp.
Your crimson imp is splashed with acid.
The acid corrodes your crimson imp!
Your crimson imp dies!
The bolt of acid hits you! The acid corrodes you!
You are splashed with acid!
The acid burns!
It is a wand of acid (9).
The orc wizard zaps a wand.
The bolt of acid hits you!
* * * LOW HITPOINT WARNING * * *
The acid corrodes you!
You are splashed with acid!
The acid burns!
You die...

# ########## ##.......#
##(#####.############
...# #.......(....#####
#..########...5.@..((...#
............#######o###.#
##.########.# #(# ##.#
#.# #(# .#.#### #.# #5#
......# #.# #o# ...##.#
#.# #o# ...##.# #.# 5o#
...##.# ..# ...


You could see an orc wizard and a friendly crimson imp.

Vanquished Creatures
  An orc priest (D:3)
  2 dart slugs (D:1)
  2 leopard geckos
  4 bats (D:1)
  2 giant cockroaches
  5 goblins
  4 hobgoblins
  2 jackals (D:2)
  A quokka (D:3)
  4 frilled lizards
  3 kobolds
  5 rats
35 creatures vanquished.

Vanquished Creatures (collateral kills)
  The ghost of Gitz the Ogre Mage, an amateur OgWz (D:3)
  3 worker ants
  7 adders
  An ooze (D:2)
  A dart slug (D:1)
  2 leopard geckos
  11 orcs
  A hobgoblin (D:1)
  3 jackals (D:4)
  A frilled lizard (D:3)
  A kobold (D:3)
  2 rats
34 creatures vanquished.

Grand Total: 69 creatures vanquished

Notes
Turn   | Place    | Note
-------+----------+-------------------------------------------
     0 | D:1      | Gitz the Human Wizard began the quest for the Orb.
     0 | D:1      | Reached XP level 1. HP: 13/13 MP: 4/4
    98 | D:1      | Reached XP level 2. HP: 11/19 MP: 1/6
   156 | D:1      | Learned a level 2 spell: Call Imp
   486 | D:1      | Reached XP level 3. HP: 11/24 MP: 1/8
   782 | D:2      | Learned a level 3 spell: Conjure Flame
  1086 | D:2      | Reached XP level 4. HP: 30/30 MP: 6/9
  1098 | D:2      | Reached skill level 4 in Spellcasting
  1665 | D:3      | Found an ornate altar of the Wu Jian Council.
  1834 | D:3      | Reached XP level 5. HP: 32/35 MP: 2/12
  1940 | D:3      | Noticed Gitz's ghost (amateur OgWz)
  1955 | D:3      | Killed Gitz's ghost
  1955 | D:3      | Reached skill level 5 in Spellcasting
  1955 | D:3      | Reached XP level 6. HP: 41/41 MP: 2/13
  2783 | D:4      | Noticed a phantom
  2927 | D:4      | HP: 1/41 [orc wizard/wand of acid (9) (18)]
  2927 | D:4      | Splashed by an orc wizard's acid

Skill      XL: |  1  2  3  4  5 |
---------------+----------------+-----
Spellcasting   | 4 5 |  5.4
Summonings     | 2 |  2.2
Fighting       | |  0.2
Short Blades   | |  0.2
Dodging        | |  2.3
Stealth        | |  2.0
Conjurations   | |  1.6
Translocations | |  1.0

Action                   |  1- 3 |  4- 6 || total
-------------------------+-------+-------++-------
Melee: Dagger            |    34 |    21 ||    55
       Falchion          |       |    16 ||    16
Throw: Stone             |     4 |       ||     4
 Cast: Magic Dart        |    50 |     7 ||    57
       Call Imp          |    11 |    62 ||    73
  Use: Scroll            |       |     2 ||     2
 Stab: Sleeping          |     1 |     1 ||     2
       Distracted        |       |     2 ||     2
  Eat: Chunk             |     1 |     3 ||     4
       Ration            |       |     1 ||     1
Armor: Robe              |     4 |     7 ||    11
Dodge: Dodged            |    24 |    47 ||    71
       Rpst.: Falchion   |       |     4 ||     4
